 Dungeon Crawl Stone Soup version 0.24.0-13-gcf9b319 (webtiles) character file.

Game seed: 482130881497572034, levelgen mode: deterministic

616 Fang the Skirmisher (level 7, -6/44 HPs)
             Began as a Gargoyle Fighter on Jan 2, 2020.
             Was a Follower of Trog.
             Mangled by an ogre
             ... wielding a +0 giant club
              (16 damage)
             ... on level 4 of the Dungeon.
             The game lasted 00:04:20 (2789 turns).

Fang the Skirmisher (Gargoyle Fighter)              Turns: 2789, Time: 00:04:21

Health: -6/44      AC: 17    Str: 21    XL:     7   Next: 45%
Magic:  0/7        EV:  6    Int:  9    God:    Trog [*.....]
Gold:   239        SH: 10    Dex:  9    Spells: 6/6 levels left

rFire    + . .     SeeInvis +   a - +1 war axe
rCold    . . .     Gourm    .   B - +0 shield
rNeg     + . .     Faith    .   b - +0 chain mail
rPois    ∞         Spirit   +   p - +2 helmet {SInv}
rElec    +         Reflect  .   (no cloak)
rCorr    .         Harm     .   (no gloves)
MR       .....                  (no boots)
Stlth    ..........             q - amulet of guardian spirit
HPRegen  0.14/turn              g - ring of protection from fire
MPRegen  0.10/turn              l - ring of see invisible

@: berserk cooldown, slowed, very slow
A: negative energy resistance 1, electricity resistance, unbreathing,
petrification resistance, rot immunity, AC +4
a: Berserk, Renounce Religion


You were on level 4 of the Dungeon.
You worshipped Trog.
Trog was aware of your devotion.
You were not hungry.

You visited 1 branch of the dungeon, and saw 4 of its levels.

You collected 239 gold pieces.

Inventory:

Hand Weapons
 a - a +1 war axe (weapon)
Armour
 b - a +0 chain mail (worn)
 p - a +2 helmet of see invisible (worn)
 B - a +0 shield (worn)
Jewellery
 g - a ring of protection from fire (left hand)
 l - a ring of see invisible (right hand)
 q - an amulet of guardian spirit (around neck)
Wands
 j - a wand of iceblast (11)
 o - a wand of digging (1)
Scrolls
 h - 2 scrolls of remove curse {unknown}
 m - a scroll of identify
 r - a scroll of enchant armour
 s - a scroll of teleportation {unknown}
Potions
 d - a potion of might
 e - 5 potions of haste
 i - a potion of mutation
 k - a potion of heal wounds {unknown}
 n - a potion of curing
Comestibles
 c - 7 rations


   Skills:
 + Level 5.3 Fighting
 + Level 4.0 Axes
 + Level 5.3 Armour
 + Level 5.3 Shields


You had 6 spell levels left.
You didn't know any spells.
Your spell library was empty.

Dungeon Overview and Level Annotations

Branches:
Dungeon (4/15)             Temple (0/1) D:4

Altars:
Trog


Innate Abilities, Weirdness & Mutations

You are resistant to torment.
Your stone body is resilient. (AC +4)
You are immune to poison.
You resist negative energy. (rN+)
You are resistant to electric shocks. (rElec)
You can survive without breathing.
You are immune to petrification.
You are immune to rotting.


Message History

Trog accepts your kill.
Your Axes skill increases to level 4!
You are too injured to fight recklessly!
You are no longer berserk.
You are exhausted.
You feel yourself slow down.
You block the leopard gecko skeleton's attack.
The leopard gecko skeleton bites you but does no damage.
You see here a +0 giant spiked club.
You block the leopard gecko skeleton's attack.
The leopard gecko skeleton bites you but does no damage.
You block the ogre's attack. The ogre hits you but does no damage.
You block the ogre's attack. The ogre hits you with a +0 giant club!
* * * LOW HITPOINT WARNING * * *
The ogre barely misses you.
There is a stone staircase leading up here.
You block the leopard gecko skeleton's attack.
The ogre hits you with a +0 giant club!!
You die...

.#.## # ....# .#
...####################.#####
........#..Z.................
#.# #.#....O@............##.#
#####(#
#.#..#####.....#.#.####.#
....#.###.#..#
###.##.###......
#......).....# #.###.#.######
.#...####.##.# #.# ##.##
#.#?## #.##.# #.# #.# .#...
..##.# #.# #.# #(#.. #####.#
#.# #.# .#.... #.# #.. ..#


You could see an ogre and a leopard gecko skeleton.

Vanquished Creatures
  Menkaure (D:4)
  2 ogres (D:4)
  Blork the orc (D:4)
  2 hounds (D:4)
  An orc wizard (D:3)
  An orc priest (D:4)
  Robin (D:2)
  3 adders
  An ooze (D:1)
  3 worms
  3 dart slugs
  2 leopard geckos
  8 orcs
  7 bats
  15 goblins
  4 hobgoblins
  9 jackals
  8 kobolds
  2 quokkas
  2 ball pythons
  2 frilled lizards (D:1)
  9 rats
87 creatures vanquished.

Notes
Turn   | Place    | Note
-------+----------+-------------------------------------------
     0 | D:1      | Fang the Gargoyle Fighter began the quest for the Orb.
     0 | D:1      | Reached XP level 1. HP: 14/14 MP: 1/1
    74 | D:1      | Reached XP level 2. HP: 19/19 MP: 2/2
   432 | D:1      | Reached XP level 3. HP: 23/23 MP: 3/3
  1190 | D:2      | Found a bloodstained altar of Trog.
  1314 | D:2      | Noticed Robin
  1323 | D:2      | Reached XP level 4. HP: 23/29 MP: 4/4
  1328 | D:2      | Killed Robin
  1680 | D:2      | Became a worshipper of Trog the Wrathful
  2129 | D:3      | Reached XP level 5. HP: 28/33 MP: 5/5
  2393 | D:4      | Noticed an ogre
  2397 | D:4      | Killed an ogre
  2397 | D:4      | Reached XP level 6. HP: 15/39 MP: 2/6
  2530 | D:4      | Noticed Blork the orc
  2541 | D:4      | Killed Blork the orc
  2541 | D:4      | Reached * piety under Trog
  2704 | D:4      | Noticed Menkaure
  2713 | D:4      | Killed Menkaure
  2713 | D:4      | Reached skill level 5 in Fighting
  2713 | D:4      | Reached skill level 5 in Armour
  2713 | D:4      | Reached skill level 5 in Shields
  2713 | D:4      | Reached XP level 7. HP: 21/44 MP: 2/7
  2770 | D:4      | Found a staircase to the Ecumenical Temple.
  2789 | D:4      | Mangled by an ogre

Levels and vault maps discovered:
D:1:      zaba_arrival_water, layout_loops_ring
D:2:      layout_loops_corners, marbit_many_paths, corexii_shack,
          minmay_bisected, uniq_robin
D:3:      layout_rooms
D:4:      layout_loops_ring, lemuel_coloured_pillars_altar,
          minmay_temple_entry_grid, minmay_misc_feat_plants,
          uniq_crazy_yiuf_cottage, uniq_blork_the_orc, uniq_menkaure

Skill      XL: |  1  2  3  4  5  6  7 |
---------------+----------------------+-----
Axes           | 2 3 4 |  4.0
Shields        | 4 5 |  5.3
Fighting       | 4 5 |  5.3
Armour         | 4 5 |  5.3

Action                   |  1- 3 |  4- 6 |  7- 9 || total
-------------------------+-------+-------+-------++-------
Melee: War axe           |   152 |   143 |     4 ||   299
Invok: Berserk           |       |       |     1 ||     1
  Use: Scroll            |       |     9 |       ||     9
  Eat: Chunk             |     2 |     5 |       ||     7
Armor: Scale mail        |    34 |       |       ||    34
       Chain mail        |   110 |   114 |     5 ||   229
Dodge: Dodged            |    56 |    33 |     2 ||    91
Block: Shield            |    98 |    93 |     5 ||   196
